 Dungeon Crawl Stone Soup version 0.23.0 (webtiles) character file.

Game seed: 17038068386667877328

13589588 Infinimo the Conqueror (level 27, 214/214 HPs)
             Began as a Gargoyle Gladiator on Feb 16, 2019.
             Was the Champion of Zin.
             Escaped with the Orb
             ... and 15 runes!
             The game lasted 04:07:30 (118343 turns).

Infinimo the Conqueror (Gargoyle Gladiator)       Turns: 118343, Time: 04:07:30

Health: 214/214    AC: 66    Str: 34    XL:     27
Magic:  31/31      EV: 20    Int:  9    God:    Zin [******]
Gold:   13969      SH: 28    Dex: 11    Spells: 38/38 levels left

rFire    + + +     SeeInvis +   t - +7 sacred scourge (holy)
rCold    + + .     Gourm    .   v - +0 large shield {AC+3}
rNeg     + + .     Faith    .   m - +7 gold dragon scales
rPois    ∞         Spirit   .   H - +0 helmet of Terror {rCorr MP-9 SInv}
rElec    +         Reflect  .   P - scarf {rC+ rF+}
rCorr    +         Harm     .   T - +1 pair of gloves "Fojopiacs" {Regen+ Str+3}
MR       ++...                  C - +1 pair of boots
Stlth    +.........             A - amulet of Vitality {Regen+ HP+15}
HPRegen  1.25/turn              L - +4 ring of slaying
MPRegen  0.22/turn              O - ring of Ychan {*Drain +Blink rElec rF++ rN+}

@: flying
A: big wings, negative energy resistance 1, electricity resistance, unbreathing,
petrification resistance, rot immunity, AC +20
0: Orb of Zot
}: 15/15 runes: barnacled, slimy, silver, golden, iron, obsidian, icy, bone,
abyssal, demonic, glowing, magical, fiery, dark, gossamer
a: Stop Flying, Recite, Vitalisation, Imprison, Sanctuary, Donate Gold, Renounce
Religion, Evoke Blink


You escaped.
You worshipped Zin.
Zin was exalted by your worship.
You were not hungry.

You visited 18 branches of the dungeon, and saw 88 of its levels.
You visited Pandemonium 1 time, and saw 13 of its levels.
You visited the Abyss 3 times.
You also visited: Wizlab.

You collected 17386 gold pieces.
You spent 3208 gold pieces at shops.
You donated 209 gold pieces to Zin.

Inventory:

Hand Weapons
 a - the +7 sceptre of Asmodeus
   (You took it off Asmodeus on level 7 of Gehenna)

   Zin disapproves of the use of such an item.
 h - the +4 staff of Dispater
   (You took it off Dispater on level 7 of the Iron City of Dis)

   Zin disapproves of the use of such an item.
 t - a +7 sacred scourge of holy wrath (weapon)
 K - the +6 sword of Cerebov {flame}
   (You took it off Cerebov in Pandemonium)

   It has been specially enchanted to burn those struck by it, causing extra
   injury to most foes and up to half again as much damage against particularly
   susceptible opponents.
   Big, fiery blades are also staple armaments of hydra-hunters.
   Zin disapproves of the use of such an item.
Missiles
 d - 11 throwing nets (quivered)
Armour
 m - +7 gold dragon scales (worn)
 v - a +0 large shield of protection (worn)
 C - a +1 pair of boots (worn)
 D - a +6 crystal plate armour
 H - the +0 helmet of Terror (worn) {rCorr MP-9 SInv}
   (You found it in Pandemonium)

   It affects your magic capacity (-9).
   It lets you see invisible.
   It provides partial protection from all sources of acid and corrosion.
 N - a +1 large shield of cold resistance
 P - a scarf of resistance (worn)
 T - the +1 pair of gloves "Fojopiacs" (worn) {Regen+ Str+3}
   (You found it on level 3 of the Elven Halls)

   It affects your strength (+3).
   It increases your rate of regeneration.
Jewellery
 p - the ring of Jeumuy {*Drain rPois Str+2 Int+4 Stlth+}
   (You found it on level 3 of the Tomb of the Ancients)

   [ring of stealth]

   It affects your strength (+2).
   It affects your intelligence (+4).
   It protects you from poison.
   It causes draining when unequipped.
   It makes you more stealthy.
 q - the ring "Joshut" {rCorr rF+ Dex+2}
   (You bought it in a shop on level 2 of the Depths)

   [ring of resist corrosion]

   It affects your dexterity (+2).
   It protects you from fire.
 A - the amulet of Vitality (around neck) {Regen+ HP+15}
   (You found it on level 7 of Cocytus)

   [amulet of regeneration]

   It affects your health (+15).
   It increases your rate of regeneration.
 E - a cursed -3 ring of protection
 I - the ring "Hehifyec" {rElec rF+ rC+}
   (You found it on level 3 of the Crypt)

   [ring of protection from fire]

   It protects you from fire.
   It protects you from cold.
   It insulates you from electricity.
 L - a +4 ring of slaying (left hand)
 O - the ring of Ychan (right hand) {*Drain +Blink rElec rF++ rN+}
   (You found it on level 3 of the Crypt)

   [ring of positive energy]

   It greatly protects you from fire.
   It insulates you from electricity.
   It protects you from negative energy.
   It lets you blink.
   It causes draining when unequipped.
 R - an uncursed ring of magical power
Wands
 n - a wand of digging (26)
Scrolls
 c - a scroll of silence
 e - 42 scrolls of remove curse
 g - 15 scrolls of identify
 r - 8 scrolls of fog
 u - 19 scrolls of amnesia
 x - a scroll of brand weapon
 y - 8 scrolls of magic mapping
 F - 6 scrolls of fear
 J - 10 scrolls of holy word
 M - 2 scrolls of enchant weapon
 U - a scroll of acquirement
 W - 4 scrolls of teleportation
 Z - a scroll of blinking
Potions
 b - a potion of heal wounds
 i - 6 potions of mutation
 j - 8 potions of cancellation
 k - 17 potions of lignification
 l - 20 potions of curing
 o - a potion of haste
 s - 8 potions of agility
 w - 13 potions of ambrosia
 B - 2 potions of might
 G - 7 potions of resistance
 Q - 2 potions of berserk rage
 V - 4 potions of invisibility
 X - 6 potions of brilliance
 Y - 5 potions of magic
Miscellaneous
 z - a figurine of a ziggurat
 S - the horn of Geryon
Comestibles
 f - 77 rations


   Skills:
 O Level 27 Fighting
 O Level 27 Maces & Flails
 - Level 1.7 Throwing
 O Level 27 Armour
 O Level 27 Dodging
 O Level 27 Stealth
 O Level 27 Shields
 + Level 6.1 Spellcasting
 O Level 27 Invocations


You had 38 spell levels left.
You didn't know any spells.
Your spell library contained the following spells:

 Spells                   Type           Power        Failure   Level  Hunger
 Animate Skeleton         Necr           N/A          67%         1    None
 Apportation              Tloc           #.....       67%         1    None
 Beastly Appendage        Tmut           #.....       67%         1    None
 Confusing Touch          Hex            #.....       67%         1    None
 Corona                   Hex            #......      67%         1    None
 Flame Tongue             Conj/Fire      #....        67%         1    None
 Infusion                 Chrm           #...         67%         1    None
 Magic Dart               Conj           #...         67%         1    None
 Pain                     Necr           #...         67%         1    None
 Sandblast                Erth           #.....       67%         1    None
 Shock                    Conj/Air       #...         67%         1    None
 Sting                    Conj/Pois      #...         67%         1    None
 Summon Butterflies       Summ           #.......     67%         1    None
 Summon Small Mammal      Summ           #...         67%         1    None
 Blink                    Tloc           N/A          82%         2    ##.....
 Call Imp                 Summ           #.......     82%         2    ##.....
 Corpse Rot               Necr           N/A          82%         2    ##.....
 Ensorcelled Hibernation  Hex/Ice        #.....       82%         2    ##.....
 Passwall                 Tmut/Erth      #.......     82%         2    ##.....
 Poisonous Vapours        Pois/Air       #.....       82%         2    ##.....
 Searing Ray              Conj           #.....       82%         2    ##.....
 Shroud of Golubria       Chrm/Tloc      #.........   82%         2    ##.....
 Slow                     Hex            #.......     82%         2    ##.....
 Sticks to Snakes         Tmut           #.......     82%         2    ##.....
 Swiftness                Chrm/Air       #.......     82%         2    ##.....
 Throw Flame              Conj/Fire      #.....       82%         2    ##.....
 Call Canine Familiar     Summ           #.......     96%         3    ###....
 Confuse                  Hex            #.......     96%         3    ###....
 Conjure Flame            Conj/Fire      #.......     96%         3    ###....
 Dazzling Spray           Conj/Hex       #.....       96%         3    ###....
 Gell's Gravitas          Tloc           #.........   96%         3    ###....
 Ignite Poison            Fire/Tmut/Pois #.......     96%         3    ###....
 Inner Flame              Hex/Fire       #.......     96%         3    ###....
 Lesser Beckoning         Tloc           #.........   96%         3    ###....
 Mephitic Cloud           Conj/Pois/Air  #.......     96%         3    ###....
 Ozocubu's Armour         Chrm/Ice       #.......     96%         3    ###....
 Portal Projectile        Hex/Tloc       #.....       96%         3    ###....
 Recall                   Summ/Tloc      N/A          96%         3    ###....
 Regeneration             Chrm/Necr      #.........   96%         3    ###....
 Spider Form              Tmut/Pois      #.........   96%         3    ###....
 Static Discharge         Conj/Air       #.......     96%         3    ###....
 Stone Arrow              Conj/Erth      #.....       96%         3    ###....
 Summon Guardian Golem    Hex/Summ       #.......     96%         3    ###....
 Teleport Other           Tloc           #.......     96%         3    ###....
 Tukima's Dance           Hex            #.......     96%         3    ###....
 Vampiric Draining        Necr           #.........   96%         3    ###....
 Airstrike                Air            #.........   100%        4    ####...
 Animate Dead             Necr           N/A          100%        4    ####...
 Cause Fear               Hex            #.........   100%        4    ####...
 Force Lance              Conj/Tloc      #.......     100%        4    ####...
 Fulminant Prism          Conj/Hex       #.........   100%        4    ####...
 Ice Form                 Ice/Tmut       #.......     100%        4    ####...
 Iskenderun's Mystic Bla  Conj           #.......     100%        4    ####...
 Leda's Liquefaction      Hex/Erth       #.........   100%        4    ####...
 Olgreb's Toxic Radiance  Pois           #.......     100%        4    ####...
 Petrify                  Tmut/Erth      #.......     100%        4    ####...
 Sticky Flame             Conj/Fire      #.......     100%        4    ####...
 Summon Ice Beast         Ice/Summ       #.......     100%        4    ####...
 Summon Lightning Spire   Summ/Air       #.......     100%        4    ####...
 Throw Icicle             Conj/Ice       #.......     100%        4    ####...
 Agony                    Necr           #.......     100%        5    ######.
 Alistair's Intoxication  Tmut/Pois      #.......     100%        5    ######.
 Aura of Abjuration       Summ           #.........   100%        5    ######.
 Blade Hands              Tmut           #.........   100%        5    ######.
 Bolt of Draining         Conj/Necr      #.........   100%        5    ######.
 Bolt of Magma            Conj/Fire/Erth #.........   100%        5    ######.
 Borgnjor's Vile Clutch   Necr/Erth      #.........   100%        5    ######.
 Dispel Undead            Necr           #.......     100%        5    ######.
 Excruciating Wounds      Chrm/Necr      #.........   100%        5    ######.
 Fireball                 Conj/Fire      #.........   100%        5    ######.
 Irradiate                Conj/Tmut      #.........   100%        5    ######.
 Iskenderun's Battlesphe  Conj/Chrm      #.......     100%        5    ######.
 Lee's Rapid Deconstruct  Erth           #.........   100%        5    ######.
 Lightning Bolt           Conj/Air       #.........   100%        5    ######.
 Metabolic Englaciation   Hex/Ice        #.........   100%        5    ######.
 Silence                  Hex/Air        #.........   100%        5    ######.
 Summon Demon             Summ           #.........   100%        5    ######.
 Summon Forest            Summ/Tloc      #.........   100%        5    ######.
 Summon Mana Viper        Hex/Summ       #.......     100%        5    ######.
 Venom Bolt               Conj/Pois      #.........   100%        5    ######.
 Yara's Violent Unravell  Hex/Tmut       #.........   100%        5    ######.
 Bolt of Fire             Conj/Fire      #.........   100%        6    #######
 Conjure Ball Lightning   Conj/Air       #.........   100%        6    #######
 Darkness                 Hex            #.........   100%        6    #######
 Death Channel            Necr           #.........   100%        6    #######
 Deflect Missiles         Chrm/Air       #.........   100%        6    #######
 Dispersal                Tloc           #.........   100%        6    #######
 Freezing Cloud           Conj/Ice/Air   #.........   100%        6    #######
 Hydra Form               Tmut           #.........   100%        6    #######
 Invisibility             Hex            #.......     100%        6    #######
 Iron Shot                Conj/Erth      #.........   100%        6    #######
 Shadow Creatures         Summ           N/A          100%        6    #######
 Simulacrum               Ice/Necr       #.........   100%        6    #######
 Dragon Form              Tmut           #.........   100%        7    #######
 Malign Gateway           Summ/Tloc      #.........   100%        7    #######
 Monstrous Menagerie      Summ           #.........   100%        7    #######
 Orb of Destruction       Conj           #.........   100%        7    #######
 Ring of Flames           Chrm/Fire      #.........   100%        7    #######
 Spellforged Servitor     Conj/Summ      #.........   100%        7    #######
 Summon Greater Demon     Summ           #.........   100%        7    #######
 Summon Hydra             Summ           #.........   100%        7    #######
 Controlled Blink         Tloc           N/A          100%        8    #######
 Discord                  Hex            #.........   100%        8    #######
 Disjunction              Tloc           #.........   100%        8    #######
 Ignition                 Fire           #.........   100%        8    #######
 Summon Horrible Things   Summ           #.........   100%        8    #######
 Shatter                  Erth           #.........   100%        9    #######
 Tornado                  Air            #.........   100%        9    #######
 Sublimation of Blood     Necr           Unusable     N/A         2    N/A
 Passage of Golubria      Tloc           Unusable     N/A         4    N/A
 Statue Form              Tmut/Erth      Unusable     N/A         6    N/A

Dungeon Overview and Level Annotations

Branches:
Dungeon (15/15)            Temple (1/1) D:5            Lair (6/6) D:9
 Shoals (4/4) Lair:2       Spider (4/4) Lair:4        Slime (5/5) Lair:6
    Orc (2/2) D:9             Elf (3/3) Orc:2        Vaults (5/5) D:14
  Crypt (3/3) Vaults:3       Tomb (3/3) Crypt:3      Depths (5/5) D:15
   Hell (1/1)                 Dis (7/7) Hell            Geh (7/7) Hell
    Coc (7/7) Hell            Tar (7/7) Hell            Zot (5/5) Depths:5

Altars:
Ashenzari
Cheibriados
Dithmenos
Elyvilon
Fedhas
Gozag
Hepliaklqana
Kikubaaqudgha
Makhleb
Nemelex Xobeh
Okawaru
Qazlal
Ru
Sif Muna
Trog
Uskayaw
Vehumet
Wu Jian
Xom
Yredelemnul
Zin
The Shining One
Jiyva
Lugonu

Shops:
D:5 *   D:14 }(*   Orc:2 [?![   Shoals:3 *   Vaults:1 (*   Vaults:4 *([
Depths:2 =}=

Portals:
Hell: Depths:1 Depths:2 Depths:3 Depths:4 Depths:5
Abyss: Depths:1 Depths:3 Depths:4 Depths:5
Pandemonium: Depths:1 Depths:3 Depths:4
Ziggurat: Depths:4

Annotations:
Coc:7 exclusion: ice statue


Innate Abilities, Weirdness & Mutations

You are resistant to torment.
Your stone body is resilient. (AC +20)
You are immune to poison.
Your large and strong wings let you fly indefinitely.
You resist negative energy. (rN+)
You are resistant to electric shocks. (rElec)
You can survive without breathing.
You are immune to petrification.
You are immune to rotting.


Message History

A tormentor comes into view.
You block the tormentor's attack. x2
You punish the tormentor, causing immense pain!!!
You kill the tormentor!
No target in view!
No target in view!
No target in view!
No target in view!
No target in view!
No target in view!
(D) Dungeon (T) Temple (L) Lair (A) Shoals (N) Spider Nest (M) Slime Pits (O) Orcish Mines (E) Elven Halls (V) Vaults (C) Crypt (W) Tomb (U) Depths (H) Hell (I) Dis (G) Gehenna (X) Cocytus (Y) Tartarus (Z) Zot
Where to? (Enter - D:1 @ (x,y), ? - help)
You see here a +0 dagger.
There is an open door here.
There is a staircase leading out of the dungeon here.
You have escaped!

#########################.#
#.................).......#
#.#######################.#
#.............## #.#
######.#####........## #.#
........# #.######..##### #.#
........# #.##...#..#...# #.#
........# #.##...#..#...# #.#
........# #)##.@.'..'...# #.#
........# #.##...#.4#...# #.#
######.## #.##...####...# #.#
#####.#####.############## #[##
#...............##..##...## #.#.
#.........................###[#.
#.......>...#...##..##......[.#.
#...........###'#############.#.
#...........##...####...# #.#.


You could see an ice devil.

Vanquished Creatures
  Cerebov (Pan)
  Antaeus (Coc:7)
  the Royal Jelly (Slime:5)
  Asmodeus (Geh:7)
  Ereshkigal (Tar:7)
  Gloorx Vloq (Pan)
  A seraph (Pan)
  Mnoleg (Pan)
  the Serpent of Hell (Tar:7)
  Lom Lobon (Pan)
  Dispater (Dis:7)
  Khufu (Crypt:1)
  7 orbs of fire
  6 ancient liches
  Mennas (Pan)
  4 juggernauts
  Boris (4 times) (Crypt:1 Depths:2 Depths:4 Tomb:2)
  Sojobo (Vaults:3)
  5 Killer Klowns
  27 greater mummies
  Frederick (Vaults:3)
  4 shard shrikes
  Saint Roka (Orc:2)
  A caustic shrike (Depths:3)
  2 curse toes (Zot:4)
  Margery (Depths:4)
  Geryon (Hell)
  Jory (Vaults:5)
  9 golden dragons
  6 bone dragons
  2 pearl dragons (Pan)
  8 iron giants
  26 Tzitzimimeh
  8 doom hounds
  8 pandemonium lords
  7 Hell Sentinels
  2 electric golems (Zot:5)
  27 Brimstone Fiends
  24 tentacled monstrosities
  Rupert (Lair:4)
  21 Ice Fiends
  14 liches
  27 Orb Guardians
  17 titans
  Asterion (Spider:1)
  12 deep elf blademasters
  35 acid blobs
  9 quicksilver dragons
  3 deep elf master archers
  15 sphinxes
  27 Executioners
  17 ancient champions
  5 tentacled starspawn
  Frances (Shoals:1)
  Polyphemus (Shoals:3)
  An eldritch tentacle (Dis:7)
  5 death cobs
  2 krakens (Shoals:1)
  30 shadow dragons
  Ilsuiw (Shoals:3)
  10 tengu reavers
  Agnes (D:15)
  17 daevas
  4 revenants
  17 storm dragons
  8 draconian monks
  25 azure jellies
  30 fire giants
  6 deep elf sorcerers
  30 frost giants
  3 draconian knights
  46 balrugs
  9 iron dragons
  6 draconian scorchers
  4 ghost moths
  A juggernaut zombie (Depths:4)
  4 curse skulls
  A caustic shrike zombie (Crypt:3)
  6 draconian stormcallers
  8 emperor scorpions
  5 black suns (Pan)
  15 vault wardens
  7 warmongers
  35 angels (Pan)
  3 elemental wellsprings
  27 cacodemons
  6 draconian shifters
  7 deep elf elementalists
  3 ghouls (Crypt:2)
  10 draconian annihilators
  57 reapers
  2 spriggan defenders
  16 ironheart preservers
  13 war gargoyles
  10 vampire knights
  A juggernaut skeleton (Depths:4)
  6 blood saints
  21 very ugly things
  6 entropy weavers
  16 black draconians
  12 green draconians
  8 bennus
  33 apis (Pan)
  7 deep elf demonologists
  An entropy weaver (shapeshifter) (Vaults:4)
  6 corrupters (Pan)
  9 lorocyprocas (Pan)
  33 purple draconians
  17 white draconians
  19 ophanim (Pan)
  28 stone giants
  15 red draconians
  15 deep elf annihilators
  4 spark wasps
  8 yellow draconians
  9 statues (WizLab)
  Snorg (Lair:4)
  2 merfolk javelineers (Shoals:4)
  A crystal guardian (Vaults:4)
  6 eidola
  15 ettins
  8 merfolk impalers
  8 fire dragons
  27 mummy priests
  8 jiangshi
  19 death oozes
  3 quicksilver dragon zombies
  10 green deaths (Pan)
  26 blizzard demons
  11 deep elf high priests
  17 deep elf death magi
  2 kraken zombies
  12 yaktaur captains
  Erolcha (Orc:2)
  13 rakshasas
  24 ice dragons
  17 great orbs of eyes
  12 monstrous demonspawn
  2 catoblepae (Shoals:3)
  10 hydras
  2 caustic shrike simulacra (Depths:4)
  Harold (D:10)
  3 spriggan air magi
  6 merfolk avatars
  7 quicksilver dragon skeletons
  26 vault guards
  3 hell beasts
  Erica (D:8)
  3 merfolk aquamancers
  9 centaur warriors
  2 death knights
  2 alligator snapping turtles (Shoals:4)
  31 two-headed ogres
  7 vampire magi
  A satyr (Shoals:2)
  3 death yaks (Shoals:3)
  37 dancing weapons
  9 ogre magi
  35 death scarabs
  15 deep troll earth magi
  3 orc high priests (Orc:2)
  3 tengu warriors
  31 hell hogs
  5 spriggan berserkers
  11 thrashing horrors
  62 hell knights
  13 deep troll shamans
  34 deep elf knights
  10 titan zombies
  Nergalle (Lair:3)
  Urug (D:10)
  52 soul eaters
  5 wretched stars (Abyss:5)
  3 storm dragon zombies
  4 iron golems
  58 sun demons
  4 iron trolls
  137 skeletal warriors
  25 shadow wraiths
  27 sixfirhies
  7 storm dragon skeletons
  11 titan skeletons
  2 salamander mystics
  22 shadow demons
  3 golden dragon zombies
  A swamp dragon (Lair:6)
  3 spatial maelstroms
  6 unseen horrors
  3 death drakes
  43 deep trolls
  6 glowing orange brains
  19 cherubim (Pan)
  18 sea snakes
  2 gelid demonspawn (Pan)
  A glowing orange brain (shapeshifter) (Vaults:4)
  15 ironbrand convokers
  19 deep elf archers
  6 shadow dragon zombies
  5 torturous demonspawn (Pan)
  5 ghost moth zombies
  2 kraken simulacra (Coc:7)
  12 anaconda zombies
  3 golden dragon skeletons
  14 flayed ghosts
  A sphinx zombie (Depths:4)
  11 infernal demonspawn
  20 phantasmal warriors
  11 wizards
  17 orb spiders
  14 orc knights
  35 necromancers
  7 anaconda skeletons
  2 harpies (shapeshifter)
  7 orc sorcerers
  6 cyclopes
  31 harpies
  6 oklob plants
  6 shadow dragon skeletons
  An orb spider (shapeshifter) (Abyss:5)
  98 deep elf magi
  7 iron dragon zombies
  A wolf spider zombie (Geh:6)
  13 fauns
  7 fire giant zombies
  A tengu skeleton (Depths:4)
  45 ugly things
  2 worldbinders
  13 frost giant zombies
  5 stone giant zombies
  9 manticores
  33 moths of wrath
  6 salamanders
  39 wolf spiders
  A toenail golem (Abyss:3)
  4 frost giant skeletons
  An elf zombie (Depths:4)
  5 stone giant skeletons
  10 merfolk sirens
  4 shining eyes
  5 dire elephant zombies
  2 apocalypse crabs
  4 shock serpent zombies
  3 ice statues
  5 eyes of devastation
  4 iron dragon skeletons
  A moth of wrath (shapeshifter) (Depths:5)
  8 fire giant skeletons
  45 rust devils
  An alligator snapping turtle zombie (Crypt:3)
  2 black mambas
  2 sphinx skeletons
  14 elephants
  8 water nymphs
  9 vault sentinels
  An elephant (shapeshifter) (Depths:2)
  A guardian serpent (shapeshifter) (Depths:3)
  7 molten gargoyles
  2 shock serpent skeletons
  7 torpor snails
  60 smoke demons
  19 orange demons
  3 centaur zombies
  5 titan simulacra (Coc:7)
  15 spiny frogs
  2 catoblepas zombies
  6 kobold demonologists
  2 spriggan zombies (Depths:4)
  3 spriggan skeletons
  35 hellions
  3 emperor scorpion zombies
  3 storm dragon simulacra
  A yaktaur zombie (Vaults:5)
  4 dire elephant skeletons
  A sea snake zombie (Crypt:3)
  21 efreet
  A komodo dragon (shapeshifter) (Vaults:5)
  39 yaktaurs
  3 rime drakes
  9 komodo dragons
  30 tormentors
  7 anaconda simulacra
  36 demonic crawlers
  37 freezing wraiths
  A yaktaur (shapeshifter) (D:15)
  45 ice devils
  3 harpy zombies
  5 ancient zymes (Abyss:5)
  43 red devils
  7 tengu conjurers
  23 hellwings
  7 trolls
  86 guardian mummies
  3 harpy skeletons
  32 jumping spiders
  A polar bear (Lair:6)
  7 wind drakes
  3 silent spectres
  A hornet (shapeshifter) (Vaults:5)
  26 merfolk
  10 blink frogs
  8 hydra zombies
  9 ettin zombies
  12 snapping turtles
  A sphinx simulacrum (Depths:2)
  11 alligator zombies
  128 slime creatures
  A tengu simulacrum (Depths:4)
  Grinder (D:4)
  4 raiju (Abyss:5)
  9 hornets
  3 ice dragon zombies
  15 bog bodies
  5 fire dragon zombies
  2 dream sheep (shapeshifter)
  11 dream sheep
  An iron dragon simulacrum (Depths:4)
  A frost giant simulacrum (Depths:4)
  A slime creature (shapeshifter) (Vaults:5)
  7 hydra skeletons
  2 air elementals
  148 flying skulls
  13 hippogriffs
  2 alligator skeletons (Coc:7)
  17 starcursed masses (Abyss:5)
  7 ice dragon skeletons
  A tarantella (shapeshifter) (Vaults:4)
  24 ynoxinuls
  79 redbacks
  A spriggan (Lair:6)
  2 black mamba zombies
  4 fire dragon skeletons
  2 yaks (shapeshifter)
  30 yaks
  29 ushabtiu
  8 ettin skeletons
  25 water elementals
  16 shadows
  A vampire (D:14)
  Grum (D:8)
  Eustachio (D:4)
  35 wraiths
  4 wyverns
  A fire bat (shapeshifter) (Depths:2)
  24 tarantellas
  3 black mamba skeletons
  11 golden eyes
  15 chaos spawn
  A hog (shapeshifter) (Vaults:3)
  A human simulacrum (Vaults:5)
  4 steam dragons (Lair:6)
  56 fire elementals
  23 neqoxecs
  7 wargs
  3 insubstantial wisps
  7 vampire mosquitoes
  7 basilisks
  A spriggan simulacrum (Depths:2)
  A naga (shapeshifter) (Vaults:1)
  3 spatial vortices (Abyss:5)
  Menkaure (D:6)
  2 hungry ghosts
  A harpy simulacrum (Coc:6)
  6 acid dragons
  8 hydra simulacra
  75 hell hounds
  2 soldier ants
  10 spiny frog zombies
  54 large abominations
  6 water moccasins
  A gelid demonspawn skeleton (Crypt:1)
  A floating eye (Slime:4)
  A hornet zombie (Vaults:1)
  A merfolk skeleton (Crypt:1)
  7 porcupines
  A swamp drake (Lair:6)
  32 orc warriors
  2 deep troll skeletons
  4 spiny frog skeletons
  3 sky beasts (D:7)
  7 snapping turtle zombies
  A black bear (shapeshifter) (Vaults:1)
  A torturous demonspawn skeleton (Dis:1)
  3 ice beasts
  10 phantoms
  A black bear (D:6)
  An alligator simulacrum (Coc:5)
  6 eyes of draining
  2 ettin simulacra
  13 necrophages
  2 swamp dragon zombies
  2 manticore zombies
  A tengu (shapeshifter) (Depths:2)
  25 ogres
  10 wolves
  14 small abominations
  16 boggarts
  22 centaurs
  2 manticore skeletons
  4 snapping turtle skeletons
  14 crocodiles
  A swamp dragon skeleton (Pan)
  A hog zombie (Crypt:1)
  5 big kobolds
  Blork the orc (D:5)
  16 bullfrogs
  3 human skeletons
  A deep troll simulacrum (Vaults:2)
  5 earth elementals
  2 elf skeletons
  2 wyvern skeletons
  4 scorpions
  A water moccasin skeleton (Crypt:2)
  A queen bee zombie (Crypt:2)
  A troll zombie (Geh:4)
  77 wights
  9 killer bees
  A polar bear skeleton (Crypt:1)
  2 electric eels (Spider:2)
  A howler monkey (D:11)
  12 crimson imps
  A wolf zombie (Crypt:3)
  2 bullfrog zombies
  4 hounds
  20 orc priests
  7 centaur skeletons
  A black bear zombie (Crypt:3)
  5 jellies
  29 orc wizards
  20 iron imps
  Crazy Yiuf (D:3)
  Jessica (D:5)
  A basilisk skeleton (Crypt:1)
  3 bullfrog skeletons
  Ijyb (D:4)
  4 iguanas
  6 lightning spires (Abyss:5)
  10 worker ants
  5 hell rats (Hell)
  An acid dragon skeleton (Crypt:1)
  An ogre zombie (Dis:1)
  2 hound zombies
  2 hound skeletons
  64 mummies
  A howler monkey zombie (D:8)
  2 worker ant zombies
  Robin (D:3)
  3 gnolls (D:3)
  2 howler monkey skeletons
  18 adders
  12 shadow imps
  12 white imps
  An ufetubus (Abyss:1)
  3 oozes
  A worm zombie (Crypt:2)
  An adder zombie (D:5)
  An adder skeleton (Crypt:3)
  2 worms (D:3)
  A ball lightning (Pan)
  A dart slug (D:1)
  6 leopard geckos
  92 orcs
  7 bats
  4 giant cockroaches
  12 hobgoblins
  10 jackals
  18 kobolds
  6 quokkas
  3 ball pythons
  4 frilled lizards
  14 goblins
  A hobgoblin skeleton (Crypt:3)
  A kobold zombie (Dis:6)
  A leopard gecko zombie (D:7)
  An orc skeleton (Crypt:2)
  A quokka skeleton (Crypt:2)
  10 rats
  5 crawling corpses
  25 fire vortices
  A plant (Lair:4)
  2 starspawn tentacles
  12 tentacles
  A withered plant (Shoals:3)
5471 creatures vanquished.

Vanquished Creatures (others)
  6 deep elf master archers
  2 eldritch tentacles
  A ghost moth (Spider:3)
  A fire giant (Geh:7)
  2 stone giants
  An elemental wellspring (Coc:7)
  An ettin (Depths:2)
  3 merfolk javelineers
  3 yaktaur captains (Vaults:5)
  An ogre mage (Vaults:1)
  A centaur warrior (Vaults:4)
  A hell hog (Geh:5)
  A satyr (Shoals:3)
  4 deep elf knights
  A flayed ghost (Geh:7)
  A storm dragon skeleton (Coc:7)
  3 deep elf archers
  A necromancer (Dis:7)
  An orc knight (Vaults:2)
  A deep elf mage (Elf:1)
  A cyclops (Shoals:4)
  4 fauns
  An orb spider (shapeshifter) (Elf:2)
  A moth of wrath (Zot:4)
  A large abomination (Abyss:1)
  A smoke demon (Pan)
  8 yaktaurs
  A jumping spider (Spider:4)
  A merfolk (Shoals:4)
  3 flying skulls
  A tarantella (Spider:4)
  6 golden eyes (Abyss:5)
  A fire elemental (Zot:1)
  4 neqoxecs (Pan)
  A swamp worm (shapeshifter) (Elf:2)
  A small abomination (Abyss:5)
  2 ogres
  2 boggarts
  A necrophage (Geh:7)
  3 centaurs
  2 wights
  13 ball lightnings (Pan)
  A kobold (D:13)
  2 bushes
  2 demonic plants (Pan)
  A fire vortex (Geh:7)
  6 fungi
  2 lurking horrors
  40 plants
  24 starspawn tentacles
  28 tentacles
201 creatures vanquished.

Grand Total: 5672 creatures vanquished

Notes
Turn   | Place    | Note
-------+----------+-------------------------------------------
     0 | D:1      | Infinimo the Gargoyle Gladiator began the quest for the
                  | Orb.
     0 | D:1      | Reached XP level 1. HP: 12/12 MP: 1/1
   199 | D:1      | Reached XP level 2. HP: 18/18 MP: 2/2
   857 | D:1      | Reached XP level 3. HP: 18/22 MP: 3/3
  1891 | D:2      | Reached XP level 4. HP: 27/27 MP: 4/4
  2073 | D:2      | Found an ornate altar of the Wu Jian Council.
  2514 | D:3      | Reached XP level 5. HP: 29/32 MP: 5/5
  2662 | D:3      | Noticed Robin
  2864 | D:3      | Killed Robin
  3164 | D:3      | Reached skill level 5 in Maces & Flails
  3322 | D:3      | Found a blossoming altar of Fedhas.
  3425 | D:3      | Found a runed translucent door.
  3426 | D:3      | Noticed Crazy Yiuf
  3578 | D:3      | Killed Crazy Yiuf
  3578 | D:3      | Reached XP level 6. HP: 38/38 MP: 6/6
  4063 | D:4      | Noticed Eustachio
  4082 | D:4      | Noticed Grinder
  4102 | D:4      | Noticed a phantom
  4281 | D:4      | Killed a phantom
  4290 | D:4      | Reached XP level 7. HP: 34/44 MP: 7/7
  5090 | D:4      | Paralysed by Grinder for 5 turns
  5097 | D:4      | Killed Grinder
  5097 | D:4      | Reached skill level 5 in Fighting
  5097 | D:4      | Reached XP level 8. HP: 33/49 MP: 8/8
  5423 | D:4      | Noticed Ijyb
  5432 | D:4      | Killed Ijyb
  6064 | D:4      | Killed Eustachio
  6316 | D:5      | Entered Level 5 of the Dungeon
  6754 | D:5      | Reached skill level 5 in Dodging
  6984 | D:5      | Found a staircase to the Ecumenical Temple.
  6984 | D:5      | Noticed Blork the orc
  6994 | D:5      | Killed Blork the orc
  7065 | Temple   | Entered the Ecumenical Temple
  7185 | Temple   | Became a worshipper of Warmaster Okawaru
  7231 | D:5      | Found a sparkling altar of Nemelex Xobeh.
  7231 | D:5      | Noticed Jessica
  7240 | D:5      | Killed Jessica
  7316 | D:5      | Reached XP level 9. HP: 56/56 MP: 9/9
  7405 | D:5      | Found Duidexav's General Store.
  7424 | D:5      | Found a stormy altar of Qazlal.
  7425 | D:5      | Found a snail-covered altar of Cheibriados.
  7425 | D:5      | Found an ancient bone altar of Kikubaaqudgha.
  7425 | D:5      | Found a glowing golden altar of the Shining One.
  7431 | D:5      | Found a white marble altar of Elyvilon.
  7431 | D:5      | Found a basalt altar of Yredelemnul.
  8553 | D:6      | Found a sacrificial altar of Ru.
  8595 | D:6      | Noticed Menkaure
  8598 | D:6      | Found a blossoming altar of Fedhas.
  8603 | D:6      | Killed Menkaure
  8754 | D:7      | Reached * piety under Okawaru
  9216 | D:7      | Reached ** piety under Okawaru
  9216 | D:7      | Reached skill level 10 in Maces & Flails
  9453 | D:7      | Reached XP level 10. HP: 62/64 MP: 10/10
  9952 | D:8      | Noticed a two-headed ogre
  9958 | D:8      | Killed a two-headed ogre
  9965 | D:8      | Reached *** piety under Okawaru
 10169 | D:8      | Found a hazy altar of Hepliaklqana.
 10394 | D:8      | Noticed an unseen horror
 10417 | D:8      | Killed an unseen horror
 10709 | D:8      | Reached **** piety under Okawaru
 10825 | D:8      | Noticed Erica
 10834 | D:8      | Killed Erica
 10992 | D:8      | Noticed Grum
 11001 | D:8      | Reached XP level 11. HP: 65/71 MP: 11/11
 11017 | D:8      | Killed Grum
 11489 | D:9      | Found a staircase to the Orcish Mines.
 11682 | D:9      | Found a glowing silver altar of Zin.
 12130 | D:9      | Reached ***** piety under Okawaru
 12652 | D:9      | Found a burning altar of Makhleb.
 12653 | D:9      | Found a shimmering altar of Xom.
 12760 | D:9      | Found a staircase to the Lair.
 12957 | D:10     | Entered Level 10 of the Dungeon
 12980 | D:10     | Reached skill level 1 in Armour
 12980 | D:10     | Reached skill level 1 in Shields
 13313 | D:10     | Received a gift from Okawaru
 13702 | D:10     | Reached skill level 10 in Fighting
 14039 | D:11     | Noticed a two-headed ogre
 14290 | D:10     | Killed a two-headed ogre
 14588 | D:11     | Found an opulent altar of Gozag.
 14857 | D:11     | Noticed Urug
 14857 | D:11     | Noticed Harold
 14892 | D:10     | Killed Harold
 14892 | D:10     | Received a gift from Okawaru
 14960 | D:10     | Killed Urug
 14960 | D:10     | Reached XP level 12. HP: 78/78 MP: 12/12
 15563 | Lair:1   | Entered Level 1 of the Lair of Beasts
 16033 | Lair:1   | Reached skill level 5 in Armour
 16033 | Lair:1   | Reached skill level 5 in Shields
 16752 | Lair:2   | Received a gift from Okawaru
 16889 | Lair:2   | Found a staircase to the Shoals.
 17771 | Lair:3   | Reached XP level 13. HP: 78/84 MP: 13/13
 17917 | Lair:3   | Noticed Nergalle
 17933 | Lair:3   | Killed Nergalle
 18537 | Lair:4   | Received a gift from Okawaru
 18578 | Lair:4   | Noticed Snorg
 18596 | Lair:4   | Killed Snorg
 18660 | Lair:4   | Noticed Rupert
 18699 | Lair:4   | Paralysed by Rupert for 7 turns
 18725 | Lair:4   | Killed Rupert
 18725 | Lair:4   | Reached skill level 15 in Maces & Flails
 19289 | Lair:4   | Found a hole to the Spider Nest.
 20437 | Lair:4   | Got a glittering lead ring
 20492 | Lair:4   | Identified the ring of Divine Intervention {*Tele rC+
                  | Str+4} (You found it on level 4 of the Lair of Beasts)
 20657 | Lair:5   | Reached ****** piety under Okawaru
 20886 | Lair:5   | Gained mutation: Your large and strong wings let you fly
                  | indefinitely. [Gargoyle growth]
 20886 | Lair:5   | Reached XP level 14. HP: 92/92 MP: 14/14
 20915 | Lair:5   | Received a gift from Okawaru
 21414 | Lair:6   | Entered Level 6 of the Lair of Beasts
 21766 | Lair:6   | Found a staircase to the Slime Pits.
 22144 | Lair:6   | Found a frozen archway.
 22830 | Lair:6   | Received a gift from Okawaru
 23051 | Lair:6   | Identified a scroll of acquirement
 23054 | Lair:6   | Got a sparkling lapis lazuli ring
 23055 | Lair:6   | Identified the ring "Ysid" {MR+ Int+3} (You acquired it on
                  | level 6 of the Lair of Beasts)
 24916 | D:13     | Reached XP level 15. HP: 92/99 MP: 13/15
 25307 | D:14     | Found Kiofijo's Gadget Boutique.
 25309 | D:14     | Found Koyr's Antique Weapon Shoppe.
 25335 | D:14     | Found a glowing golden altar of the Shining One.
 25350 | D:14     | Found a stormy altar of Qazlal.
 25387 | D:14     | Reached skill level 10 in Shields
 25397 | D:14     | Found a gate to the Vaults.
 25408 | D:14     | Reached skill level 10 in Armour
 25790 | D:14     | Found Tieroucw's Assorted Antiques.
 25804 | D:14     | Bought a scroll of teleportation for 114 gold pieces
 25804 | D:14     | Bought a glowing scarf for 304 gold pieces
 25804 | D:14     | Bought a tourmaline ring for 190 gold pieces
 25804 | D:14     | Bought a thick pearl amulet for 190 gold pieces
 25832 | D:14     | Found a shimmering altar of Xom.
 25984 | D:14     | Found the +7 mace of Variability {chain chaos}
 26122 | D:15     | Entered Level 15 of the Dungeon
 26211 | D:15     | Received a gift from Okawaru
 26597 | D:15     | Noticed Agnes
 26606 | D:15     | Killed Agnes
 26654 | D:15     | Found a snail-covered altar of Cheibriados.
 26824 | D:15     | Found a staircase to the Depths.
 26918 | D:15     | Noticed a fire giant
 27179 | D:15     | Killed a fire giant
 27631 | Orc:1    | Entered Level 1 of the Orcish Mines
 27709 | Orc:1    | You are sucked into a shaft!
 27709 | Orc:2    | Entered Level 2 of the Orcish Mines
 27709 | Orc:2    | Found a staircase to the Elven Halls.
 27932 | Orc:2    | Received a gift from Okawaru
 28038 | Orc:2    | Noticed Erolcha
 28038 | Orc:2    | Paralysed by Erolcha for 4 turns
 28056 | Orc:2    | Killed Erolcha
 28282 | Orc:2    | Noticed Saint Roka
 28717 | Orc:2    | Found Nias's Distillery.
 29118 | Orc:2    | Found Kusmenipt's Antique Armour Emporium.
 29121 | Orc:2    | Found Loifuav's Armour Shop.
 29126 | Orc:2    | Found Voriaghi's Magic Scroll Shop.
 29130 | Orc:2    | Bought a scroll of enchant armour for 90 gold pieces
 29130 | Orc:2    | Bought 2 scrolls of enchant armour for 180 gold pieces
 29140 | Orc:2    | Bought a potion of experience for 650 gold pieces
 29191 | Orc:2    | Reached XP level 16. HP: 106/106 MP: 15/17
 29327 | Orc:2    | Killed Saint Roka
 29366 | Orc:2    | Reached XP level 17. HP: 100/112 MP: 19/19
 29669 | Shoals:1 | Entered Level 1 of the Shoals
 30070 | Shoals:1 | Noticed a kraken
 30447 | Shoals:1 | Killed a kraken
 30447 | Shoals:1 | Received a gift from Okawaru
 30869 | Shoals:1 | Noticed Frances
 30931 | Shoals:1 | Killed Frances
 30988 | Shoals:1 | Found a shadowy altar of Dithmenos.
 31002 | Shoals:1 | Noticed a kraken
 31017 | Shoals:1 | Killed a kraken
 31223 | Shoals:2 | Reached skill level 5 in Invocations
 31943 | Shoals:2 | Reached skill level 15 in Fighting
 32300 | Shoals:3 | Noticed Polyphemus
 32324 | Shoals:3 | Killed Polyphemus
 32419 | Shoals:3 | Received a gift from Okawaru
 32501 | Shoals:3 | Found Doroeniyll's Mayhem Merchandise.
 32518 | Shoals:3 | Noticed Ilsuiw
 32557 | Shoals:3 | Killed Ilsuiw
 33233 | Shoals:3 | Reached XP level 18. HP: 115/119 MP: 20/23
 33295 | Shoals:4 | Entered Level 4 of the Shoals
 33750 | Shoals:4 | Received a gift from Okawaru
 34291 | Shoals:4 | Got a barnacled rune of Zot
 34554 | Shoals:4 | Found a burning altar of Makhleb.
 34737 | Shoals:4 | Received a gift from Okawaru
 35007 | Shoals:4 | Got a brightly glowing diamond amulet
 35315 | Shoals:4 | Identified the amulet of Poefueq {Harm *Drain +Blink rC-
                  | rN+} (You found it on level 4 of the Shoals)
 35468 | Spider:1 | Entered Level 1 of the Spider Nest
 35987 | Spider:1 | Noticed Asterion
 35997 | Spider:1 | Killed Asterion
 36455 | Spider:2 | Received a gift from Okawaru
 36522 | Spider:2 | Reached XP level 19. HP: 112/125 MP: 23/25
 36728 | Spider:2 | Received a gift from Okawaru
 38232 | Spider:3 | Reached skill level 10 in Invocations
 38377 | Spider:4 | Entered Level 4 of the Spider Nest
 39252 | Spider:4 | Received a gift from Okawaru
 40063 | Spider:4 | Got a gossamer rune of Zot
 40602 | Elf:1    | Entered Level 1 of the Elven Halls
 40624 | Elf:1    | Reached XP level 20. HP: 133/133 MP: 28/28
 40644 | Elf:1    | Received a gift from Okawaru
 41129 | Elf:1    | Reached skill level 15 in Armour
 41274 | Elf:1    | Reached skill level 15 in Shields
 41342 | Elf:1    | Received a gift from Okawaru
 41948 | Elf:2    | Paralysed by a floating eye for 2 turns
 42282 | Elf:2    | Found a runed translucent gate.
 42282 | Elf:2    | Found a runed translucent gate.
 42286 | Elf:2    | Found a runed translucent gate.
 43330 | Elf:3    | Entered Level 3 of the Elven Halls
 43414 | Elf:3    | Found a magical portal.
 43418 | WizLab   | Entered Iskenderun's Mystic Tower
 43465 | WizLab   | Received a gift from Okawaru
 43922 | WizLab   | Reached XP level 21. HP: 105/140 MP: 25/30
 44124 | WizLab   | HP: 4/140 [purple draconian/bolt of dispelling energy (24)]
 44751 | WizLab   | Identified Iskenderun's Guide on Attacks
 44751 | WizLab   | Identified Iskenderun's Handbook of Conjuration
 44765 | WizLab   | Got a transparent plate armour
 44766 | WizLab   | Identified the +9 plate armour of Cheibriados's Approval
                  | {rElec rPois Regen+ Str-2} (You found it in a wizard's
                  | laboratory)
 44780 | WizLab   | Identified the Compendium of Transmigration
 45150 | Elf:3    | Received a gift from Okawaru
 45926 | Elf:3    | Received a gift from Okawaru
 46056 | Elf:3    | Cast into level 3 of the Abyss (a deep elf sorcerer)
 46289 | Elf:3    | Escaped the Abyss
 46509 | Elf:3    | Identified the cursed +0 leather armour of Dim Light
                  | {rPois}
 46580 | Elf:3    | Identified the +5 rapier "Minuckus" {flame, +Inv Str-4
                  | Dex+4}
 46580 | Elf:3    | Identified the cursed +1 robe of the Duke {rF+ Dex+4}
 46650 | Elf:3    | Got a pair of dazzling gloves
 46661 | Elf:3    | Identified the +1 pair of gloves "Fojopiacs" {Regen+ Str+3}
                  | (You found it on level 3 of the Elven Halls)
 46663 | Elf:3    | Got a crude tin ring
 46664 | Elf:3    | Identified the ring of Qerig {-Tele rPois MR+ Int+3} (You
                  | found it on level 3 of the Elven Halls)
 47173 | Vaults:1 | Entered Level 1 of the Vaults
 47360 | Vaults:1 | Reached XP level 22. HP: 148/148 MP: 31/31
 47459 | Vaults:1 | Found Ywkaro Gait's Assorted Antiques.
 47472 | Vaults:1 | Bought a pair of embroidered gloves for 172 gold pieces
 47495 | Vaults:1 | Found Hyeloa's Antique Weapon Boutique.
 48476 | Vaults:2 | Received a gift from Okawaru
 49152 | Vaults:2 | Received a gift from Okawaru
 50185 | Vaults:3 | Noticed Frederick
 50202 | Vaults:3 | Killed Frederick
 50458 | Vaults:3 | Noticed Sojobo
 50485 | Vaults:3 | Killed Sojobo
 50721 | Vaults:3 | Reached XP level 23. HP: 152/155 MP: 30/32
 50748 | Vaults:3 | Found a staircase to the Crypt.
 51219 | Vaults:4 | Received a gift from Okawaru
 51617 | Vaults:4 | Found Gozag's Antique Weapon Shop.
 51619 | Vaults:4 | Found an opulent altar of Gozag.
 51657 | Vaults:4 | Found Gozag's Antique Armour Boutique.
 51658 | Vaults:4 | Found Gozag's Assorted Antiques.
 52092 | Vaults:4 | Received a gift from Okawaru
 52713 | Vaults:5 | Entered Level 5 of the Vaults
 53132 | Vaults:5 | Reached XP level 24. HP: 153/164 MP: 28/32
 53137 | Vaults:5 | Received a gift from Okawaru
 53949 | Vaults:5 | Received a gift from Okawaru
 54243 | Vaults:5 | Identified the Catalogue of Fiery Ice
 54573 | Vaults:5 | Reached XP level 25. HP: 171/171 MP: 32/32
 54755 | Vaults:5 | Got a shimmering bronze ring
 54756 | Vaults:5 | Identified the ring of the Tempest {rC+ Str+3 Dex+3} (You
                  | acquired it on level 5 of the Vaults)
 54941 | Vaults:5 | Received a gift from Okawaru
 55097 | Vaults:5 | Got a silver rune of Zot
 55121 | Vaults:5 | Noticed Jory
 55135 | Vaults:5 | Killed Jory
 55360 | Vaults:5 | Identified the +5 plate armour "Cekimiuf" {+Blink Int+2}
                  | (You found it on level 5 of the Vaults)
 55574 | D:14     | Fell from the grace of Okawaru
 55574 | D:14     | Became a worshipper of the Shining One
 55721 | Crypt:1  | Entered Level 1 of the Crypt
 55777 | Crypt:1  | Noticed Khufu
 55777 | Crypt:1  | Noticed a greater mummy
 55779 | Crypt:1  | Reached * piety under the Shining One
 55972 | Crypt:1  | Killed Khufu
 56002 | Crypt:1  | Killed a greater mummy
 56064 | Crypt:1  | Noticed Boris
 56084 | Crypt:1  | Killed Boris
 56168 | Crypt:1  | Reached ** piety under the Shining One
 56460 | Crypt:1  | Reached *** piety under the Shining One
 56882 | Crypt:2  | Reached **** piety under the Shining One
 57011 | Crypt:2  | Reached ***** piety under the Shining One
 57668 | Crypt:3  | Entered Level 3 of the Crypt
 57801 | Crypt:3  | Reached ****** piety under the Shining One
 57815 | Crypt:3  | Identified a +5 sacred scourge of holy wrath (a +3 demon
                  | whip of flaming blessed by the Shining One)
 57815 | Crypt:3  | Received a gift from the Shining One
 58583 | D:9      | Fell from the grace of the Shining One
 58583 | D:9      | Became a worshipper of Zin the Law-Giver
 58583 | D:9      | Reached * piety under Zin
 58583 | D:9      | Reached ** piety under Zin
 58583 | D:9      | Reached *** piety under Zin
 58583 | D:9      | Reached **** piety under Zin
 59010 | Crypt:3  | Reached ***** piety under Zin
 59147 | Crypt:3  | Found a staircase to the Tomb.
 59315 | Crypt:3  | Reached XP level 26. HP: 180/180 MP: 32/32
 59408 | Crypt:3  | Reached ****** piety under Zin
 59435 | Crypt:3  | Noticed a greater mummy
 59450 | Crypt:3  | Killed a greater mummy
 59480 | Crypt:3  | Identified the ring of Vutug {rPois SInv}
 59974 | Crypt:3  | Got a coiled pewter ring
 59988 | Crypt:3  | Got a crude bronze ring
 59988 | Crypt:3  | Got a translucent granite ring
 59988 | Crypt:3  | Got a shimmering steel ring
 60003 | Crypt:3  | Identified the ring "Hehifyec" {rElec rF+ rC+} (You found
                  | it on level 3 of the Crypt)
 60004 | Crypt:3  | Identified the ring of Ychan {*Drain +Blink rElec rF++ rN+}
                  | (You found it on level 3 of the Crypt)
 60005 | Crypt:3  | Identified the ring "Etegog" {rN+ SInv} (You found it on
                  | level 3 of the Crypt)
 60014 | Crypt:3  | Identified the ring "Zoadalyed" {rN+ Int+3} (You found it
                  | on level 3 of the Crypt)
 60325 | Crypt:3  | Cast into level 5 of the Abyss (a distortion unwield)
 60325 | Abyss:5  | Entered Level 5 of the Abyss
 60325 | Abyss:5  | Found a corrupted altar of Lugonu.
 60683 | Abyss:5  | Was forgiven by Okawaru
 61008 | Abyss:5  | Got an abyssal rune of Zot
 61060 | Abyss:5  | Paralysed by accursed screaming for 2 turns
 61067 | Abyss:5  | Paralysed by accursed screaming for 2 turns
 61233 | Crypt:3  | Escaped the Abyss
 61491 | Depths:1 | Entered Level 1 of the Depths
 61686 | Depths:1 | Found a gateway to Hell.
 61781 | Depths:1 | Found a corrupted altar of Lugonu.
 61781 | Depths:1 | Found a one-way gate to the infinite horrors of the Abyss.
 61803 | Depths:1 | Found a one-way gate leading to the halls of Pandemonium.
 62732 | Depths:2 | Found a runed translucent door.
 62885 | Depths:2 | Found Cossos Evve's Jewellery Shoppe.
 62885 | Depths:2 | Found Atuir's Gadget Boutique.
 62886 | Depths:2 | Found Lorchobeg's Jewellery Shoppe.
 62922 | Depths:2 | Bought the ring "Joshut" {rCorr rF+ Dex+2} for 534 gold
                  | pieces
 63033 | Depths:2 | Bought an uncursed ring of resist corrosion for 280 gold
                  | pieces
 63311 | Depths:2 | Noticed a juggernaut
 63312 | Depths:2 | Identified the ring of Accord {rPois Str+5 Stlth-}
 63331 | Depths:2 | Reached XP level 27. HP: 190/190 MP: 32/32
 63345 | Depths:2 | Killed a juggernaut
 63472 | Depths:2 | Noticed a juggernaut
 63501 | Depths:2 | Killed a juggernaut
 63639 | Depths:2 | Found a blossoming altar of Fedhas.
 63639 | Depths:2 | Found a snail-covered altar of Cheibriados.
 63641 | Depths:2 | Found a blossoming altar of Fedhas.
 63641 | Depths:2 | Found a sacrificial altar of Ru.
 64193 | Depths:3 | Noticed Boris
 64554 | Depths:2 | Killed Boris
 65554 | Depths:3 | Noticed a juggernaut
 65570 | Depths:3 | Killed a juggernaut
 65754 | Depths:3 | Identified the +1 ring mail of Words of Power {rF++ Regen+
                  | Str+3} (You found it on level 3 of the Depths)
 65756 | Depths:3 | Identified the +5 ring mail "Pionnith" {rElec rCorr MP-9
                  | Int+3} (You found it on level 3 of the Depths)
 66027 | Depths:3 | Noticed a juggernaut
 66073 | Depths:3 | Killed a juggernaut
 66506 | Depths:4 | Paralysed by a great orb of eyes for 3 turns
 66544 | Depths:4 | Paralysed by a great orb of eyes for 6 turns
 66556 | Depths:4 | Noticed Boris
 66578 | Depths:4 | Killed Boris
 66691 | Depths:4 | Found a gateway to a ziggurat.
 66869 | Depths:4 | Found an ancient bone altar of Kikubaaqudgha.
 66869 | Depths:4 | Noticed an ancient lich
 66883 | Depths:4 | Killed an ancient lich
 66914 | Depths:4 | Noticed Margery
 66952 | Depths:4 | Killed Margery
 67718 | Depths:5 | Entered Level 5 of the Depths
 68559 | Depths:5 | Found a gate to the Realm of Zot.
 68923 | Hell     | Entered the Vestibule of Hell
 68923 | Hell     | Noticed Geryon
 69139 | Hell     | Found a gateway to the freezing wastes of Cocytus.
 69510 | Hell     | Killed Geryon
 69656 | Hell     | Found a gateway to the ashen valley of Gehenna.
 69769 | Hell     | Found a gateway to the decaying netherworld of Tartarus.
 70006 | Hell     | Found a gateway to the Iron City of Dis.
 70085 | Dis:1    | Entered Level 1 of the Iron City of Dis
 72915 | Dis:7    | Entered Level 7 of the Iron City of Dis
 74040 | Dis:7    | Identified the Collected Works on Bewitchment and the Birds
 74670 | Dis:7    | Identified the +4 staff of Dispater
 74670 | Dis:7    | Noticed Dispater
 74737 | Dis:7    | Killed Dispater
 74866 | Dis:7    | Found the +6 lightning scales {run, rElec}
 74876 | Dis:7    | Got an iron rune of Zot
 74879 | Dis:7    | Identified Miatihiy's Collected Works on Frigorific Attacks
 75227 | Geh:1    | Entered Level 1 of Gehenna
 75245 | Geh:1    | Reached skill level 27 in Fighting
 76215 | Geh:3    | Gained mutation: Armour fits poorly on your strangely
                  | shaped body. [mutagenic glow]
 77298 | Geh:7    | Entered Level 7 of Gehenna
 77323 | Geh:7    | Reached skill level 27 in Maces & Flails
 78422 | Geh:7    | Identified the +7 sceptre of Asmodeus
 78422 | Geh:7    | Noticed Asmodeus
 78461 | Geh:7    | Killed Asmodeus
 78512 | Geh:7    | Got an obsidian rune of Zot
 78664 | Geh:7    | Identified the ring "Hohupt" {rC+ MR+ Str+4}
 78863 | Geh:7    | Identified the Disquisition on Burning Changing
 78865 | Geh:7    | Identified Geniut's Reference Book on Twisted Cold
 78870 | Geh:7    | Identified the Catalogue of Weightlessness and Attacks
 78943 | Geh:7    | Identified the cursed +0 plate armour of Pemnuedo {Int+7}
                  | (You found it on level 7 of Gehenna)
 79126 | Coc:1    | Entered Level 1 of Cocytus
 79635 | Coc:5    | Reached skill level 27 in Armour
 79747 | Coc:5    | Reached skill level 27 in Shields
 79847 | Coc:7    | Entered Level 7 of Cocytus
 80055 | Coc:7    | Reached skill level 10 in Dodging
 80514 | Coc:7    | Noticed Antaeus
 80660 | Coc:7    | Found the amulet of Vitality {Regen+ HP+15}
 80670 | Coc:7    | Identified the Papyrus of Flamy Aid
 80675 | Coc:7    | Got an icy rune of Zot
 81295 | Coc:7    | Identified Fabi Qorgh's Guide on Toxic Malediction
 81546 | Coc:7    | Killed Antaeus
 81639 | Tar:1    | Entered Level 1 of Tartarus
 81793 | Tar:1    | Reached skill level 15 in Dodging
 82319 | Tar:3    | You are sucked into a shaft for 3 floors!
 82481 | Tar:6    | Paralysed by a vampire knight for 5 turns
 82610 | Tar:7    | Entered Level 7 of Tartarus
 82784 | Tar:7    | Identified the Tome of Weightlessness
 83041 | Tar:7    | Noticed the Serpent of Hell
 83067 | Tar:7    | Killed the Serpent of Hell
 83161 | Tar:7    | Noticed Ereshkigal
 83206 | Tar:7    | Paralysed by Ereshkigal for 5 turns
 83216 | Tar:7    | Paralysed by Ereshkigal for 5 turns
 83287 | Tar:7    | Paralysed by Ereshkigal for 2 turns
 83303 | Tar:7    | Got a bone rune of Zot
 83437 | Tar:7    | Paralysed by Ereshkigal for 6 turns
 83475 | Tar:7    | Killed Ereshkigal
 83931 | Tar:7    | Got a wavering golden ring
 84372 | Tar:7    | Identified the ring "Zauteytinn" {*Slow Str+2 Dex+5} (You
                  | found it on level 7 of Tartarus)
 84373 | Tar:7    | Identified the cursed +0 shield "Jutez" {rF+ Str+3} (You
                  | found it on level 7 of Tartarus)
 84539 | Tar:7    | Noticed an ancient lich
 84551 | Tar:7    | Killed an ancient lich
 84571 | Tar:7    | Identified the +10 morningstar "Estan" {antimagic, Dex+5}
                  | (You found it on level 7 of Tartarus)
 85020 | Tomb:1   | Entered Level 1 of the Tomb of the Ancients
 85278 | Tomb:1   | Noticed a greater mummy
 85292 | Tomb:1   | Killed a greater mummy
 85293 | Tomb:1   | Noticed a greater mummy
 85382 | Tomb:1   | Killed a greater mummy
 86140 | Tomb:2   | Noticed a greater mummy
 86140 | Tomb:2   | Noticed Boris
 86141 | Tomb:2   | Noticed a greater mummy
 86141 | Tomb:2   | Noticed a greater mummy
 86142 | Tomb:2   | Noticed a greater mummy
 86793 | Orc:2    | Bought a scroll of teleportation for 36 gold pieces
 86807 | Orc:2    | Bought 2 potions of resistance for 260 gold pieces
 86807 | Orc:2    | Bought a potion of curing for 39 gold pieces
 86807 | Orc:2    | Bought a potion of curing for 39 gold pieces
 86807 | Orc:2    | Bought a potion of haste for 130 gold pieces
 87114 | Slime:1  | Entered Level 1 of the Pits of Slime
 89373 | Slime:4  | Paralysed by a floating eye for 4 turns
 89870 | Slime:5  | Entered Level 5 of the Pits of Slime
 89934 | Slime:5  | Lost mutation: Armour fits poorly on your strangely shaped
                  | body. [potion of mutation]
 90095 | Slime:5  | Noticed the Royal Jelly
 90606 | Slime:5  | Found a viscous altar of Jiyva.
 91632 | Slime:5  | Killed the Royal Jelly
 91799 | Slime:5  | Identified Sif Muna's Catalogue of Stolen Souls and Boosts
 91830 | Slime:5  | Got a transparent crystal amulet
 91836 | Slime:5  | Got a slimy rune of Zot
 92347 | Depths:1 | Identified the amulet of Perfectionism {Acrobat -Tele rC+
                  | Int+3} (You found it on level 5 of the Pits of Slime)
 92350 | Pan      | Entered Pandemonium
 92879 | Pan      | Found a glowing golden altar of the Shining One.
 92879 | Pan      | Noticed a seraph
 92925 | Pan      | Killed a seraph
 93011 | Pan      | Got a demonic rune of Zot
 93012 | Pan      | Identified Sif Muna's Compendium of Earthen Sinister Rites
 93017 | Pan      | Got a vibrating platinum ring
 93912 | Pan      | Found a white marble altar of Elyvilon.
 94833 | Pan      | Found a glowing silver altar of Zin.
 95505 | Pan      | Identified the ring of Etzabih {rPois Stlth+} (You found it
                  | in Pandemonium)
 95506 | Pan      | Identified the +0 helmet of Terror {rCorr MP-9 SInv} (You
                  | found it in Pandemonium)
 95656 | Pan      | Entered the realm of Cerebov.
 95679 | Pan      | Identified the +6 sword of Cerebov {flame}
 95679 | Pan      | Noticed Cerebov
 95883 | Pan      | Killed Cerebov
 95931 | Pan      | Identified the Incunabulum of the Manifold Beds
 95954 | Pan      | Identified the +1 cloak "Ruwau" {Str+4 Int+2} (You found it
                  | in Pandemonium)
 95980 | Pan      | Got a scorched marble ring
 96011 | Pan      | Identified the Collected Works on Igneous Augmentations
 96097 | Pan      | Got a fiery rune of Zot
 97568 | Pan      | Noticed Voatweoz the pandemonium lord
 97576 | Pan      | Killed Voatweoz the pandemonium lord
 98020 | Pan      | Identified the ring "Vaud Aga" {rElec MR+ Str+3 Int+4 Dex-5
                  | Stlth+} (You found it in Pandemonium)
 98723 | Pan      | Noticed Pakhuargh the pandemonium lord
 98751 | Pan      | Killed Pakhuargh the pandemonium lord
 99033 | Pan      | Entered the realm of Lom Lobon.
 99268 | Pan      | Found an exit through the horrors of the Abyss.
100124 | Pan      | Noticed Lom Lobon
100424 | Pan      | Killed Lom Lobon
100435 | Pan      | Got a magical rune of Zot
100776 | Pan      | Reached skill level 27 in Dodging
100795 | Pan      | Noticed Mennas
100802 | Pan      | Reached skill level 1 in Stealth
100899 | Pan      | Killed Mennas
100940 | Pan      | Reached skill level 5 in Stealth
100946 | Pan      | Noticed Iloses the pandemonium lord
100972 | Pan      | Killed Iloses the pandemonium lord
101220 | Pan      | Found an exit through the horrors of the Abyss.
101758 | Pan      | Reached skill level 10 in Stealth
101791 | Pan      | Noticed Hesh the pandemonium lord
101811 | Pan      | Killed Hesh the pandemonium lord
102926 | Pan      | Reached skill level 15 in Stealth
102933 | Pan      | Noticed Vaorphu the pandemonium lord
102956 | Pan      | Killed Vaorphu the pandemonium lord
103415 | Pan      | Found an exit through the horrors of the Abyss.
103614 | Pan      | Noticed Weovvich the pandemonium lord
103661 | Pan      | Killed Weovvich the pandemonium lord
103685 | Pan      | Reached skill level 15 in Invocations
104466 | Pan      | Entered the realm of Gloorx Vloq.
104625 | Pan      | Noticed Gloorx Vloq
104657 | Pan      | Killed Gloorx Vloq
104677 | Pan      | Got a dark rune of Zot
105375 | Pan      | Found an exit through the horrors of the Abyss.
105486 | Pan      | Noticed Suoskuxa the pandemonium lord
105536 | Pan      | Killed Suoskuxa the pandemonium lord
105720 | Pan      | Entered the realm of Mnoleg.
106212 | Pan      | Noticed Mnoleg
106279 | Pan      | Killed Mnoleg
106327 | Pan      | Got a glowing rune of Zot
106685 | Pan      | Found an exit through the horrors of the Abyss.
106797 | Pan      | Took an exit into the Abyss.
106797 | Abyss:1  | Escaped into the Abyss
106956 | Depths:1 | Escaped the Abyss
107430 | Tomb:2   | Killed a greater mummy
107436 | Tomb:2   | Killed a greater mummy
107735 | Tomb:2   | Killed a greater mummy
107774 | Tomb:2   | Killed Boris
107851 | Tomb:2   | Killed a greater mummy
108211 | Tomb:1   | Noticed a greater mummy
108223 | Tomb:1   | Killed a greater mummy
108261 | Tomb:1   | Noticed a greater mummy
108273 | Tomb:1   | Killed a greater mummy
108276 | Tomb:1   | Noticed a greater mummy
108285 | Tomb:1   | Killed a greater mummy
108465 | Tomb:1   | Noticed a greater mummy
108474 | Tomb:1   | Killed a greater mummy
108524 | Tomb:1   | Noticed a greater mummy
108541 | Tomb:1   | Killed a greater mummy
108550 | Tomb:1   | Noticed a greater mummy
108557 | Tomb:1   | Killed a greater mummy
108610 | Tomb:1   | Noticed a greater mummy
108634 | Tomb:1   | Killed a greater mummy
108637 | Tomb:1   | Noticed a greater mummy
108665 | Tomb:1   | Killed a greater mummy
108669 | Tomb:1   | Noticed a greater mummy
108669 | Tomb:1   | Noticed a greater mummy
108688 | Tomb:1   | Killed a greater mummy
109080 | Tomb:1   | Killed a greater mummy
109321 | Tomb:3   | Entered Level 3 of the Tomb of the Ancients
109583 | Tomb:3   | Found the +8 mithril axe "Arga" {speed, MR+}
109734 | Tomb:3   | Noticed a greater mummy
109735 | Tomb:3   | Noticed a greater mummy
109735 | Tomb:3   | Noticed a greater mummy
109738 | Tomb:3   | Noticed a greater mummy
109740 | Tomb:3   | Noticed a greater mummy
109740 | Tomb:3   | Noticed a greater mummy
109921 | Tomb:3   | Noticed a greater mummy
110040 | Tomb:3   | Killed a greater mummy
110045 | Tomb:3   | Noticed a greater mummy
110056 | Tomb:3   | Killed a greater mummy
110066 | Tomb:3   | Killed a greater mummy
110118 | Tomb:3   | Killed a greater mummy
110128 | Tomb:3   | Killed a greater mummy
110132 | Tomb:3   | Noticed a greater mummy
110166 | Tomb:3   | Killed a greater mummy
110427 | Tomb:3   | Killed a greater mummy
110545 | Tomb:3   | Found the +6 shillelagh "Devastator" {shatter}
110635 | Tomb:3   | Got a slimy glass ring
110649 | Tomb:3   | Identified the ring of Jeumuy {*Drain rPois Str+2 Int+4
                  | Stlth+} (You found it on level 3 of the Tomb of the
                  | Ancients)
110665 | Tomb:3   | Killed a greater mummy
110720 | Tomb:3   | Killed a greater mummy
110942 | Tomb:3   | Got a golden rune of Zot
111474 | Zot:1    | Entered Level 1 of the Realm of Zot
112256 | Zot:1    | Reached skill level 27 in Invocations
112292 | Zot:1    | Noticed an orb of fire
112306 | Zot:1    | Killed an orb of fire
112863 | Zot:2    | Noticed an orb of fire
112878 | Zot:2    | Killed an orb of fire
115187 | Zot:5    | Entered Level 5 of the Realm of Zot
116348 | Zot:5    | Noticed an orb of fire
116456 | Zot:5    | Noticed an ancient lich
116563 | Zot:5    | Noticed an ancient lich
116571 | Zot:5    | Killed an ancient lich
116682 | Zot:5    | Killed an orb of fire
116777 | Zot:5    | Noticed an orb of fire
116777 | Zot:5    | Noticed an orb of fire
116859 | Zot:5    | Noticed an orb of fire
116873 | Zot:5    | Killed an orb of fire
116895 | Zot:5    | Killed an orb of fire
117154 | Zot:5    | Killed an orb of fire
117185 | Zot:5    | Noticed an orb of fire
117211 | Zot:5    | Killed an orb of fire
117222 | Zot:5    | Noticed an ancient lich
117238 | Zot:5    | Killed an ancient lich
117243 | Zot:5    | Noticed an ancient lich
117278 | Zot:5    | Killed an ancient lich
117393 | Zot:5    | Killed an ancient lich
117542 | Zot:5    | Got the Orb of Zot
117609 | Zot:5    | Reached skill level 27 in Stealth
117690 | Zot:1    | Reached skill level 1 in Spellcasting
117970 | D:11     | Noticed Nyxer the pandemonium lord
117984 | D:11     | Killed Nyxer the pandemonium lord
118061 | D:9      | Noticed a seraph
118129 | D:5      | Reached skill level 5 in Spellcasting
118343 | D:$      | Escaped with the Orb!

Skill      XL: |  1  2  3  4  5  6  7  8  9 10 11 12 13 14 15 16 17 18 19 20 21 22 23 24 25 26 27 |
---------------+----------------------------------------------------------------------------------+-----
Maces & Flails | 4 5 7 8 10 11 13 14 15 16 17 18 19 20 21 22 23 27 | 27.0
Fighting       | 3 4 5 6 7 9 10 11 12 13 14 15 16 17 18 19 20 21 22 24 27 | 27.0
Dodging        | 3 4 5 6 7 27 | 27.0
Armour         | 3 6 8 9 11 12 13 14 15 16 17 18 19 20 21 27 | 27.0
Shields        | 3 6 8 9 11 12 13 14 15 16 17 18 19 20 21 27 | 27.0
Invocations    | 2 3 6 9 10 12 27 | 27.0
Stealth        | 27 | 27.0
Spellcasting   | 6 |  6.1
Throwing       | |  1.7

Action                   |  1- 3 |  4- 6 |  7- 9 | 10-12 | 13-15 | 16-18 | 19-21 | 22-24 | 25-27 || total
-------------------------+-------+-------+-------+-------+-------+-------+-------+-------+-------++-------
Melee: Flail             |   103 |   258 |   451 |   264 |       |       |       |       |       ||  1076
       Morningstar       |       |       |       |   413 |       |       |       |       |       ||   413
       Eveningstar       |       |       |       |   218 |  1120 |  1110 |  1773 |  1741 |   609 ||  6571
       Sacred scourge    |       |       |       |       |       |       |       |       | 16234 || 16234
Invok: Brand Weapon With |       |       |       |       |       |       |       |       |     1 ||     1
       Recite            |       |       |       |       |       |       |       |       |     6 ||     6
 Abil: Evoke Berserk Rag |       |     1 |     4 |     5 |     4 |     4 |       |     1 |       ||    19
       Fly               |       |       |       |       |     1 |       |       |       |       ||     1
Evoke: Wand              |       |       |       |       |    13 |       |       |       |     9 ||    22
  Use: Scroll            |     3 |     6 |     7 |    11 |    15 |     5 |    14 |     3 |    81 ||   145
       Potion            |       |     1 |       |       |     5 |       |     6 |     2 |    44 ||    58
 Stab: Paralysed         |       |       |       |       |     1 |       |       |       |       ||     1
       Petrified         |       |       |       |       |       |     2 |       |       |       ||     2
       Distracted        |       |       |       |       |       |       |     2 |       |     2 ||     4
  Eat: Chunk             |     3 |     5 |    21 |    34 |    26 |    18 |    30 |    23 |    26 ||   186
       Ration            |       |     1 |       |       |     5 |     3 |     2 |     1 |    57 ||    69
Armor: Leather armour    |    53 |    72 |       |       |       |       |       |       |       ||   125
       Scale mail        |       |   103 |   297 |   196 |       |       |       |       |       ||   596
       Crystal plate arm |       |       |       |   379 |   846 |   907 |  1056 |       |   328 ||  3516
       Plate armour      |       |       |       |       |       |       |   141 |   929 |    27 ||  1097
       Gold dragon scale |       |       |       |       |       |       |       |       |  4794 ||  4794
Dodge: Dodged            |    93 |   244 |   343 |   395 |   169 |   206 |   282 |   409 |  3495 ||  5636
Block: Buckler           |       |       |       |    96 |       |       |       |       |       ||    96
       Shield            |       |       |       |     4 |    48 |       |       |       |       ||    52
       Large shield      |       |       |       |       |  1010 |  1373 |  1780 |  2014 | 15631 || 21808
       Reflection        |       |       |       |       |    19 |    83 |    71 |   118 |   262 ||   553
